 Dungeon Crawl Stone Soup version 0.31.0-7-gf635a9b802 (webtiles) character file.

Game seed: 2515951841994766350

11 zenocrate the Sneak (level 2, -3/13 HPs)
             Began as a Vine Stalker Enchanter on Jan 23, 2024.
             Slain by a gnoll
             ... wielding a +0 spear
              (5 damage)
             ... on level 1 of the Dungeon.
             The game lasted 00:00:22 (301 turns).

zenocrate the Sneak (Vine Stalker Enchanter)         Turns: 301, Time: 00:00:23

Health: -3/13      AC:  2    Str: 10    XL:     2   Next: 29%
Magic:  0/6        EV: 12    Int: 15    God:
Gold:   13         SH:  0    Dex: 14    Spells: 3/5 levels left

rFire   . . .        a - +1 dagger
rCold   . . .        (no shield)
rNeg    . . .        b - +0 robe
rPois   .            (no helmet)
rElec   .            (no cloak)
rCorr   .            (no gloves)
SInv    .            (no boots)
Will    .....        (no amulet)
Stlth   ++           (no ring)
HPRegen 1.02/turn    (no ring)
MPRegen 0.10/turn

%: guardian spirit
@: no status effects
A: fangs 2, regeneration 1, magic shield, antimagic bite, no potion heal 2
a: no special abilities


You were on level 1 of the Dungeon.
You visited 1 branch of the dungeon, and saw 1 of its levels.

You collected 13 gold pieces.

Inventory:

Hand Weapons
 a - a +1 dagger (weapon)
Armour
 b - a +0 robe (worn)
Scrolls
 d - a scroll of amnesia {unknown}
 e - a scroll of teleportation {unknown}
Potions
 c - 2 potions of invisibility


   Skills:
 * Level 1.2 Short Blades
 + Level 1.7 Dodging
 + Level 3.8 Stealth
 - Level 2.1 Spellcasting
 + Level 3.2 Hexes
 + Level 0.1 Ice Magic


You had 3 spell levels left.
You knew the following spells:

 Your Spells              Type           Power      Damage    Failure   Level
a - Ensorcelled Hibernat  Hex/Ice        12%        N/A       17%         2

Your spell library contained the following spells:

 Spells                   Type           Power      Damage    Failure   Level
 Confusing Touch          Hex            11%        N/A       17%         3
 Tukima's Dance           Hex            11%        N/A       17%         3
 Static Discharge         Conj/Air       2%         3-4/arc   32%         2
 Dazzling Flash           Conj/Hex       12%        N/A       34%         3
 Airstrike                Air            0%         2d(1-17)  91%         4
 Summon Lightning Spire   Summ/Air       1%         N/A       91%         4


Dungeon Overview and Level Annotations

Branches:
Dungeon (1/15)

Altars:


Innate Abilities, Weirdness & Mutations

You have extremely sharp teeth.
Your natural rate of healing is unusually fast.
When hurt, damage is shared between your health and your magic reserves.
Your bite disrupts and absorbs the magic of your enemies.
Potions cannot restore your health.


Message History

The hobgoblin is severely wounded.
The hobgoblin misses you.
You barely miss the hobgoblin. You bite the hobgoblin. You drain its power.
You feel invigorated.
The hobgoblin is almost dead.
The hobgoblin hits you.
You hit the hobgoblin.
You kill the hobgoblin!
You hit the giant cockroach but do no damage.
The giant cockroach bites you but does no damage.
The giant cockroach completely misses you.
You hit the giant cockroach but do no damage.
Your bite misses the giant cockroach.
The gnoll hits you from afar with a +0 spear.
The giant cockroach bites you but does no damage.
The giant cockroach attacks as it pursues you!
The giant cockroach closely misses you. The gnoll attacks as it pursues you!
The gnoll hits you from afar with a +0 spear.
Casting: Ensorcelled Hibernation (safe; 17% risk of failure)
Confirm with . or Enter, or press ? or * to list all spells.
Aiming: Ensorcelled Hibernation (safe; 17% risk of failure)
Press: ? - help, Shift-Dir - straight line, f - giant cockroach
Aim: a giant cockroach (chance to affect: 57%)
The giant cockroach resists with significant effort.
The giant cockroach closely misses you.
The gnoll hits you from afar with a +0 spear.
You hit the giant cockroach.
The giant cockroach is heavily wounded.
The giant cockroach bites you but does no damage.
The giant cockroach barely misses you.
The gnoll hits you from afar with a +0 spear.
* * * LOW HITPOINT WARNING * * *
You are too injured to fight recklessly!
Unknown command.
You barely miss the giant cockroach. Your bite misses the giant cockroach.
The giant cockroach is heavily wounded.
The giant cockroach bites you.
* * * LOW HITPOINT WARNING * * *
The gnoll hits you from afar with a +0 spear.
You die...

####
###################...#
....
.......>..........#...#
####
#######.#########)....#
... #........########
... #..#####.# ...
#..##### ... #......#
... #.####+# ... #@#
.[. #B# ### #g# .# #g#
.# ... ....# .....#
......# .[.....#


You could see a gnoll, a giant cockroach and a goblin.

Vanquished Creatures
  3 hobgoblins (D:1)
  2 quokkas (D:1)
  2 kobolds (D:1)
  5 rats (D:1)
12 creatures vanquished.

Notes
Turn   | Place    | Note
-------+----------+-------------------------------------------
     0 | D:1      | zenocrate the Vine Stalker Enchanter began the quest for
                  | the Orb.
     0 | D:1      | Reached XP level 1. HP: 9/9 MP: 4/4
    50 | D:1      | Reached skill level 1 in Short Blades
   190 | D:1      | Reached XP level 2. HP: 13/13 MP: 4/6
   193 | D:1      | Learned a level 2 spell: Ensorcelled Hibernation
   240 | D:1      | Found a faded altar of an unknown god.
   301 | D:1      | Slain by a gnoll

Illustrated notes

Levels and vault maps discovered:
D:1:      dpeg_arrival_prison, layout_basic,
          hellmonk_ecumenical_altar_crossroads

Skill      XL: |  1 |
---------------+----+-----
Short Blades   | 1 |  1.2
Dodging        | |  1.7
Stealth        | |  3.8
Spellcasting   | |  2.1
Hexes          | |  3.2
Ice Magic      | |  0.1

Action                     || total
---------------------------++-------
  Melee: Dagger            ||    36
         Bite              ||     5
   Cast: Ensorcelled Hiber ||     1
   Stab: Sleeping          ||     4
 Armour: Robe              ||    21
  Dodge: Dodged            ||    20
